Map: King Sejong Station LE

Players

PensiveLemon - Winner!

  • Race: Protoss Protoss
  • League: Diamond
  • Spawn Location: 5:00

Nanowa

  • Race: Terran Terran
  • League: Platinum
  • Spawn Location: 11:00

VOD

Have the link to the VOD?

Description

Time

  • Played on: Oct. 1, 2016, 11:54 p.m.
  • Length: 9:16
Show
View Real Time Build Order
Export as new Build Order

PensiveLemon Protoss - Winner!

Build Orders:  

Get SALT Encoding   

  12  0:01  Probe (Chrono Boost)  
  13  0:11  Probe (Chrono Boost)  
  14  0:17  Pylon  
  14  0:22  Probe (Chrono Boost)  
  15  0:36  Probe (Chrono Boost)  
  15  0:37  Gateway  
  16  0:48  Assimilator  
  16  0:50  Probe (Chrono Boost)  
  17  1:00  Pylon  
  17  1:01  Probe (Chrono Boost)  
  19  1:11  Probe (Chrono Boost)  
  19  1:22  Probe (Chrono Boost)  
  20  1:25  Cybernetics Core  
  20  1:32  Probe (Chrono Boost)  
  21  1:43  Probe (Chrono Boost), Pylon  
  21  1:57  Nexus  
  21  2:02  Warp Gate (Chrono Boost)  
  21  2:11  Mothership Core (Chrono Boost)  
  23  2:20  Assimilator  
  23  2:21  Adept (Chrono Boost)  
  25  2:27  Pylon  
  25  3:02  Probe  
  26  3:14  Probe  
  26  3:15  Probe  
  28  3:25  Probe  
  28  3:26  Probe  
  30  3:36  Probe  
  30  3:38  Probe  
  32  3:47  Probe  
  33  3:50  Probe  
  33  3:58  Probe  
  33  4:02  Probe  
  35  4:06  Assimilator  
  35  4:09  Probe, Assimilator  
  35  4:13  Gateway  
  35  4:14  Gateway, Probe  
  37  4:21  Gateway  
  35  4:27  Probe  
  35  4:29  Forge, Probe  
  37  4:32  Pylon  
  37  4:36  Pylon  
  37  4:38  Probe  
  37  4:41  Probe  
  37  4:45  Twilight Council  
  39  4:47  Pylon  
  39  4:53  Probe  
  40  5:00  Probe (Chrono Boost)  
  40  5:03  Forge  
  40  5:05  Probe (Chrono Boost)  
  42  5:09  Photon Cannon  
  42  5:11  Photon Cannon  
  42  5:12  Probe (Chrono Boost)  
  43  5:16  Probe (Chrono Boost)  
  44  5:22  Probe (Chrono Boost)  
  44  5:27  Photon Cannon x2  
  45  5:32  Probe (Chrono Boost)  
  46  5:48  Nexus  
  46  5:53  Protoss Ground Weapons Level 1 (Chrono Boost), Protoss Ground Armor Level 1 (Chrono Boost)  
  46  5:59  Stalker x3  
  46  6:00  Stalker  
  54  6:14  Pylon  
  54  6:19  Blink, Templar Archives  
  54  6:26  Stalker x2  
  54  6:27  Stalker  
  54  6:30  Stalker  
  62  6:39  Photon Cannon  
  62  6:40  Pylon  
  62  6:59  Psionic Storm  
  62  7:16  Stalker x3  
  62  7:17  Stalker  
  62  7:19  Probe  
  62  7:20  Probe x2  
  73  7:29  Probe  
  73  7:32  Probe x2  
  77  7:44  Probe x2  
  78  7:54  Pylon, Assimilator  
  78  7:59  Assimilator  
  78  8:00  Gateway  
  78  8:02  Probe  
  78  8:03  Gateway, Probe x2  
  81  8:07  High Templar x2, Gateway  
  81  8:08  High Templar x2  
  81  8:12  Probe  
  89  8:14  Gateway  
  89  8:15  Probe x2  
  92  8:23  Probe  
  93  8:27  Probe x2  
  94  8:43  Stalker x3  
  94  8:44  Stalker  
Show
View Real Time Build Order
Export as new Build Order

Nanowa Terran 

Build Orders: Reaper Expand, MMM Bio 

Get SALT Encoding   

  12  0:01  SCV  
  13  0:13  SCV  
  14  0:17  Supply Depot  
  14  0:25  SCV  
  15  0:39  SCV  
  15  0:40  Barracks  
  16  0:44  Refinery  
  16  0:51  SCV  
  17  1:03  SCV  
  18  1:15  SCV  
  19  1:27  Orbital Command  
  19  1:28  Reaper  
  20  1:45  Command Center  
  20  1:53  SCV  
  21  1:57  Supply Depot  
  21  2:05  SCV  
  21  2:06  Barracks Reactor  
  22  2:17  Refinery  
  22  2:23  Factory  
  22  2:26  SCV  
  23  2:38  SCV  
  24  2:52  Marine x2  
  24  2:56  SCV  
  27  3:05  Orbital Command  
  27  3:09  Starport  
  27  3:19  Marine x2  
  29  3:20  Widow Mine  
  29  3:23  SCV  
  30  3:35  SCV  
  30  3:37  Marine  
  29  3:59  Marine x2  
  29  4:00  SCV  
  29  4:01  Widow Mine, Viking  
  36  4:17  Marine x2  
  36  4:25  SCV  
  36  4:27  Orbital Command  
  36  4:30  Widow Mine  
  39  4:39  Orbital Command  
  39  4:42  SCV  
  40  4:47  Engineering Bay  
  40  4:51  Barracks  
  40  4:53  Barracks  
  40  4:54  Barracks  
  40  4:56  Barracks  
  40  5:01  SCV  
  40  5:05  Widow Mine, Medivac  
  45  5:07  Marine  
  46  5:20  Terran Infantry Weapons Level 1  
  46  5:35  Supply Depot  
  46  5:40  Barracks Reactor  
  46  5:41  Barracks Tech Lab  
  46  5:42  Barracks Tech Lab  
  46  5:56  Marine x2  
  46  5:57  Barracks Tech Lab, SCV x2  
  50  5:59  Medivac  
  52  6:05  Supply Depot  
  52  6:09  Marauder  
  52  6:10  Supply Depot  
  54  6:14  Refinery  
  54  6:16  Stimpack  
  54  6:17  Combat Shields  
  54  6:18  Concussive Shells  
  54  6:26  SCV x2, Marauder, Marine x3  
  54  6:31  Marine x2  
  63  6:36  Supply Depot  
  63  6:38  SCV x2  
  63  6:39  Supply Depot  
  65  6:44  Marine x2  
  65  6:45  Marine x2  
  69  6:47  Marine  
  70  6:57  Medivac, Marine  
  70  6:58  SCV, Marine  
  75  7:09  Marine x2  
  75  7:10  Marine  
  75  7:11  SCV x2  
  80  7:21  Marine  
  80  7:22  Marine  
  86  7:23  Marauder x2  
  86  7:36  Supply Depot  
  86  7:39  Supply Depot  
  86  7:57  SCV x2, Medivac, Marine x2  
  86  7:58  Marauder  
  94  8:01  Marine x4  
  98  8:14  SCV x2, Supply Depot, Command Center  
  98  8:15  Marine  
  101  8:21  Marine  
  102  8:35  Marine x3  
  102  8:36  SCV, Marauder x2  
  102  8:40  Supply Depot x2  
  102  8:41  Supply Depot  
  110  8:44  Starport Reactor  
  110  8:53  SCV, Marauder  
  113  8:55  SCV  
Tags
 
Add a new tag
Caveats
  • Supply blocks, unpowered buildings, or Contaminate may cause inaccurate times.
  • Supply counts are checked every 10 seconds.